 Dungeon Crawl Stone Soup version 0.29-a0-418-gc0181ea820 (webtiles) character file.

Game seed: 6665773038305926122

157985 spiderkeys the Warrior (level 17, 0/196 HPs)
             Began as an Ogre Abyssal Knight on May 18, 2022.
             Was the Champion of Lugonu.
             Slain by a sea snake (6 damage)
             ... on level 3 of the Shoals.
             The game lasted 01:26:04 (38513 turns).

spiderkeys the Warrior (Ogre Abyssal Knight)       Turns: 38513, Time: 01:26:04

Health: 0/196      AC: 12    Str: 21    XL:     17   Next: 70%
Magic:  31/31      EV: 13    Int: 23    God:    Lugonu [******]
Gold:   2722       SH:  5    Dex:  9    Spells: 17/36 levels left

rFire   . . .      SeeInvis +   R - +5 lajatang (spect)
rCold   . . .      Faith    .   (shield currently unavailable)
rNeg    . . .      Spirit   .   S - +4 troll leather armour
rPois   +          Reflect  +   U - +0 mask of the Dragon {Will+ Slay+3 SInv}
rElec   +          Harm     .   T - +2 cloak of the Thief {*Fog Slay-2 SInv Stlth+}
rCorr   .          Rampage  .   (gloves unavailable)
Will    +++++                   (boots unavailable)
Stlth   +++.......              E - amulet "Tuozof" {Reflect rElec Will+ SH+5 Stlth+}
HPRegen 1.22/turn               Y - +4 ring of slaying
MPRegen 0.22/turn               v - ring of Jegixag {rPois Will++ Int+6}

@: marked, studying Staves
A: large, unfitting armour, tough skin 1
a: Renounce Religion, Depart the Abyss, Bend Space, Banish, Corrupt, Enter the
Abyss


You were on level 3 of the Shoals.
You worshipped Lugonu.
Lugonu was exalted by your worship.
You visited 5 branches of the dungeon, and saw 30 of its levels.
You visited the Abyss 1 time.
You visited 1 bazaar.
You also visited: Ossuary and Gauntlet.

You collected 4201 gold pieces.
You spent 1479 gold pieces at shops.


Innate Abilities, Weirdness & Mutations

You are too large for most types of armour.
You have tough skin. (AC +1)


   Skills:
 + Level 18.9 Fighting
 - Level 3.8(9.7) Polearms
 - Level 13.7(14.0) Staves
 + Level 13.6 Dodging
 - Level 10.0 Spellcasting
 + Level 12.5 Conjurations
 * Level 9.5 Transmutations
 - Level 5.0 Air Magic
 - Level 9.0 Invocations


You had 17 spell levels left.
You knew the following spells:

 Your Spells              Type           Power      Damage    Failure   Level
b - Iskenderun's Mystic   Conj/Tloc      40%        2d9       4%          4
f - Freezing Cloud        Conj/Ice/Air   19%        6-21      16%         5
i - Irradiate             Conj/Tmut      29%        3d23      1%          5
m - Mephitic Cloud        Conj/Pois/Air  38%        N/A       1%          3
s - Static Discharge      Conj/Air       51%        N/A       1%          2

Your spell library contained the following spells:

 Spells                   Type           Power      Damage    Failure   Level
 Dazzling Flash           Conj/Hex       80%        N/A       1%          3
 Sticky Flame             Conj/Fire      40%        2d6       4%          4
 Ignite Poison            Fire/Tmut/Pois 26%        N/A       5%          3
 Ice Form                 Ice/Tmut       33%        N/A       9%          4
 Petrify                  Tmut/Erth      33%        N/A       9%          4
 Sublimation of Blood     Necr           11%        N/A       10%         2
 Frozen Ramparts          Ice            22%        1d4       19%         3
 Animate Dead             Necr           5%         N/A       54%         4
 Dispel Undead            Necr           11%        3d9       54%         4
 Summon Ice Beast         Ice/Summ       11%        N/A       54%         4
 Starburst                Conj/Fire      20%        6d7       58%         6
 Statue Form              Tmut/Erth      22%        N/A       80%         6
 Borgnjor's Vile Clutch   Necr/Erth      5%         N/A       87%         5
 Metabolic Englaciation   Hex/Ice        5%         N/A       87%         5
 Summon Forest            Summ/Tloc      5%         N/A       87%         5
 Summon Mana Viper        Hex/Summ       11%        N/A       87%         5
 Death Channel            Necr           5%         N/A       100%        6
 Summon Cactus Giant      Summ           5%         N/A       100%        6

Inventory:

Hand Weapons
 j - a +3 demon trident of distortion
   (You took it off Urug on level 3 of the Lair of Beasts)
 R - a +5 spectral lajatang (weapon)
   (You acquired it on level 11 of the Dungeon)
Missiles
 N - 15 javelins
 W - 29 large rocks {=f}
 X - 9 curare-tipped darts {=f}
 Z - 3 silver boomerangs
Armour
 t - the +0 robe of the Present {Rampage *Corrode rF++ Regen+}
   (You found it on level 3 of the Spider Nest)

   rF:        It greatly protects you from fire.
   Regen:     It increases your rate of health regeneration.
   *Corrode:  It may corrode you when you take damage.
   Rampage:   It bestows one free step when moving towards enemies.
 A - a scarf of resistance
   (You found it on level 9 of the Dungeon)
 S - a +4 troll leather armour (worn)
   (You found it on level 11 of the Dungeon)
 T - the +2 cloak of the Thief (worn) {*Fog Slay-2 SInv Stlth+}
   (You bought it in a shop in a bazaar)

   It may release a thick cloud of smoke when the wearer is hurt.
   Slay:      It affects your accuracy & damage with ranged weapons and melee
   (-2).
   SInv:      It lets you see invisible.
   Stlth:     It makes you more stealthy.
 U - the +0 mask of the Dragon (worn) {Will+ Slay+3 SInv}
   (You bought it in a shop in a bazaar)

   Slay:      It affects your accuracy & damage with ranged weapons and melee
   (+3).
   SInv:      It lets you see invisible.
   Will:      It increases your willpower.
Magical Staves
 D - a staff of conjuration {!a}
   (You found it on level 10 of the Dungeon)
Jewellery
 g - an amulet of regeneration
   (You found it on level 2 of the Dungeon)
 m - the ring "Tagail" {rF+ rN+ rCorr Int-3}
   (You found it on level 9 of the Dungeon)

   [ring of protection from fire]

   Int:       It affects your intelligence (-3).
   rF:        It protects you from fire.
   rN:        It protects you from negative energy.
   rCorr:     It protects you from acid and corrosion.
 v - the ring of Jegixag (right hand) {rPois Will++ Int+6}
   (You found it on level 4 of the Dungeon)

   [ring of intelligence]

   Int:       It affects your intelligence (+6).
   rPois:     It protects you from poison.
   Will:      It greatly increases your willpower.
 E - the amulet "Tuozof" (around neck) {Reflect rElec Will+ SH+5 Stlth+}
   (You found it on level 8 of the Dungeon)

   [amulet of reflection]

   It reflects blocked missile attacks.
   rElec:     It insulates you from electricity.
   SH:        It affects your SH (+5).
   Will:      It increases your willpower.
   Stlth:     It makes you more stealthy.
 L - a ring of flight
   (You found it on level 1 of the Spider Nest)
 Y - a +4 ring of slaying (left hand)
   (You found it on level 3 of the Lair of Beasts)
Wands
 b - a wand of flame (55)
   (You took it off an orc on level 9 of the Dungeon)
 l - a wand of iceblast (30)
   (You found it on level 12 of the Dungeon)
 q - a wand of acid (12)
   (You found it on level 2 of the Spider Nest)
 F - a wand of paralysis (6)
   (You found it on level 11 of the Dungeon)
 H - a wand of polymorph (23)
   (You found it on level 8 of the Dungeon)
 P - a wand of charming (10)
   (You found it on level 11 of the Dungeon)
Scrolls
 a - a scroll of silence {!r}
 c - 2 scrolls of blinking {!r}
 e - 6 scrolls of vulnerability {!r!r}
 h - 7 scrolls of immolation {!r!r}
 p - 5 scrolls of fear
 r - 5 scrolls of magic mapping {!r}
 w - a scroll of summoning
 x - 3 scrolls of fog
 y - 4 scrolls of enchant armour
 M - 14 scrolls of teleportation {@r4}
 V - 6 scrolls of poison
Potions
 d - 9 potions of resistance
 f - 6 potions of lignification {!q}
 k - 3 potions of attraction {!q}
 n - 7 potions of might
 o - 8 potions of brilliance
 s - 4 potions of cancellation
 u - 8 potions of flight
 z - 8 potions of haste {@q3}
 B - 5 potions of magic
 C - a potion of ambrosia
 G - 7 potions of heal wounds {@q2}
 J - 6 potions of mutation {!q}
 K - 5 potions of curing {@q1}
 O - 2 potions of berserk rage {!q}
 Q - 4 potions of invisibility
Miscellaneous
 i - a tin of tremorstones (2/2)
   (You found it on level 1 of the Spider Nest)
 I - a phial of floods
   (You found it on level 6 of the Lair of Beasts)

Dungeon Overview and Level Annotations

Branches:
Dungeon (15/15)            Temple (0/1) D:4            Lair (6/6) D:9
 Shoals (3/4) Lair:3       Spider (4/4) Lair:4        Slime (0/5) Lair:5
    Orc (2/2) D:9             Elf (0/3) Orc:2        Vaults (0/5) D:13
 Depths (0/4) D:15        Ossuary (visited)         Gauntlet (visited)

Altars:
Ashenzari
Cheibriados
Elyvilon
Fedhas
Makhleb
Nemelex Xobeh
Okawaru
Ru
Uskayaw
Wu Jian
Zin
The Shining One
Beogh

Shops:
D:3 *   D:7 (   D:9 !   D:11 *   Orc:1 *   Orc:2 =!**   Shoals:2 (

Portals:
Trove: D:13 (give +2 shadow dragon scales)

Annotations:
D:5 2 runed translucent doors, avis's ghost, novice DDTm

P≈P≈≈≈≈..≈.....≈≈≈≈≈≈≈≈≈
≈≈≈≈≈≈≈≈≈≈≈≈......≈≈≈≈≈≈≈≈
#.≈P≈≈≈≈≈.≈...###....≈≈≈≈≈≈
#PPPPP≈≈≈≈...## ###..≈≈≈≈≈≈
#PPP≈PP≈≈....# ##?.≈≈≈≈≈≈
.≈≈P≈≈≈≈≈..C.### #....≈≈≈≈≈
≈≈≈≈≈..≈≈...≈.§###§≈..≈≈≈≈≈
≈≈≈≈≈##.......§c§§§..≈≈≈≈≈≈
≈≈≈≈≈......###cH@HPPP≈≈≈≈≈≈
≈≈≈≈≈.#######.SHPSPPP≈≈≈≈≈≈
≈≈≈≈≈.## ####P§§H..≈≈≈≈≈≈≈≈
≈≈≈≈≈..###..PP.≈≈§≈≈≈≈≈≈≈≈≈
≈≈≈≈≈....m....≈≈§§≈≈≈≈≈≈≈≈≈
#).≈≈≈.......≈≈≈S≈≈≈≈≈≈≈≈≈
#.≈≈≈≈≈).>...≈≈≈≈≈≈≈≈≈≈≈≈
.$≈≈≈≈≈≈†..≈≈≈≈≈≈≈≈≈≈≈≈≈
≈≈≈≈≈≈≈≈≈≈≈...≈≈≈≈≈≈≈≈≈


You could see a satyr, 2 sea snakes, a centaur warrior and 4 harpies.


Message History

A centaur warrior comes into view.
The centaur warrior wields a +0 longbow.
The centaur warrior shoots an arrow.
The arrow hits you!
A sea snake comes into view.
The sea snake barely misses you. 😕 HP[-12]
You take 12 damage, and now have 184/196 hp.
A harpy comes into view. x2
You block the sea snake's attack.
A satyr comes into view.
It is wielding a +2 spear of distortion.
The sea snake bites you.
A harpy comes into view.
The satyr plays a frightful melody on his pipes!
The satyr radiates an aura of fear!
You resist with almost no effort. 😕 HP[-2]
You take 2 damage, and now have 182/196 hp.
A harpy comes into view.
The sea snake bites you but does no damage.
The satyr unwields a +2 spear of distortion.
Its appearance distorts for a moment.
The satyr wields a +0 longbow.
The satyr shoots an arrow.
The arrow hits you! The sea snake bites you. 😕 HP[-16]
You take 16 damage, and now have 166/196 hp.
The harpy claws you! You block the harpy's attack. The harpy claws you. x2
The harpy claws you but does no damage. x2; The harpy barely misses you.
The harpy claws you but does no damage.
The satyr shoots an arrow.
The arrow hits you! The sea snake barely misses you. The harpy claws you!
The harpy closely misses you. x3 😮 HP[-35]
You take 35 damage, and now have 131/196 hp.
You hit the harpy.
Your +5 spectral lajatang hits the harpy!
The harpy claws you but does no damage. The harpy claws you.
You block the harpy's attack.
The harpy claws you. x2; The harpy claws you!
The harpy claws you but does no damage. The harpy claws you!
* * * LOW HITPOINT WARNING * * *
The harpy claws you!
* * * LOW HITPOINT WARNING * * *
The harpy claws you.
* * * LOW HITPOINT WARNING * * *
A merfolk avatar comes into view.
The sea snake bites you!
* * * LOW HITPOINT WARNING * * *
😨 HP[-54]
You take 54 damage, and now have 77/196 hp.
MASSIVE DAMAGE!! (PAUSE) Really read
c - 3 scrolls of blinking {!r}?
Blink to where?
Press: ? - help, Dir - move target A cyclops comes into view.
As you read the scroll of blinking {!r}, it crumbles to dust.
The satyr shoots an arrow.
The arrow hits you!!
* * * LOW HITPOINT WARNING * * *
With a swish of your cloak, you release a cloud of fog.
The harpy claws you!
* * * LOW HITPOINT WARNING * * *
You block the harpy's attack.
The cyclops throws a large rock.
The large rock hits you!!
* * * LOW HITPOINT WARNING * * *
With a swish of your cloak, you release a cloud of fog.
The harpy claws you.
* * * LOW HITPOINT WARNING * * *
The harpy closely misses you. 😱 HP[-65]
You take 65 damage, and now have 12/196 hp.
MASSIVE DAMAGE!! (PAUSE)
You feel much better. The harpy completely misses you.
The harpy closely misses you.
The harpy claws the plant!
The plant begins to die.
The harpy claws the plant!
The harpy barely misses you. The harpy completely misses you.
The harpy claws the plant!
The harpy claws the plant.
The harpy closely misses you. The harpy misses you.
The harpy claws you but does no damage. x2
The merfolk avatar chants a haunting song.
You resist with almost no effort.
The sea snake bites the plant!! 😱 HP[+27]
You regained 27 hp, and now have 39/196 hp.
You block the harpy's attack. x2; The harpy claws the plant.
The harpy claws the plant!
The harpy barely misses you. The harpy claws you.
* * * LOW HITPOINT WARNING * * *
The harpy claws you but does no damage. The harpy claws you.
* * * LOW HITPOINT WARNING * * *
The harpy claws you.
* * * LOW HITPOINT WARNING * * *
The harpy barely misses you.
The harpy claws the plant.
The harpy claws the plant!
The harpy claws you but does no damage. The harpy claws you!
* * * LOW HITPOINT WARNING * * *
The harpy claws you.
* * * LOW HITPOINT WARNING * * *
The harpy claws you.
* * * LOW HITPOINT WARNING * * *
The satyr plays a frightful melody on his pipes!
The satyr radiates an aura of fear!
You resist with almost no effort. The harpy closely misses you.
The harpy misses you.
The harpy claws the plant.
The harpy claws the plant!
The harpy claws you!
* * * LOW HITPOINT WARNING * * *
The harpy barely misses you. The sea snake bites you.
You die...

Skill      XL: |  1  2  3  4  5  6  7  8  9 10 11 12 13 14 15 16 17 |
---------------+----------------------------------------------------+-----
Invocations    | 3 4 5 7 9 |  9.0
Polearms       | 3 |  3.8
Dodging        | 3 4 5 6 7 8 9 10 11 12 13 | 13.6
Fighting       | 5 6 7 9 10 12 13 14 16 17 18 | 18.9
Staves         | 2 3 5 6 8 9 11 13 | 13.7
Spellcasting   | 2 3 5 7 9 10 | 10.0
Conjurations   | 2 4 5 7 8 9 10 11 12 | 12.5
Air Magic      | 3 5 |  5.0
Transmutations | 3 7 9 |  9.5

Action                   |  1- 3 |  4- 6 |  7- 9 | 10-12 | 13-15 | 16-18 || total
-------------------------+-------+-------+-------+-------+-------+-------++-------
Melee: Spear             |   114 |   242 |   395 |       |       |       ||   751
       Quarterstaff      |       |    22 |    53 |   130 |       |       ||   205
       Punch             |       |       |     1 |     4 |       |       ||     5
       Trident           |       |       |     9 |   221 |       |       ||   230
       Lajatang          |       |       |       |    98 |   813 |   468 ||  1379
       Demon trident     |       |       |       |       |     2 |       ||     2
Throw: Dart              |       |     4 |    12 |     9 |       |       ||    25
       Boomerang         |       |       |     4 |     8 |     1 |       ||    13
       Large rock        |       |       |       |     4 |       |       ||     4
 Cast: Static Discharge  |       |       |    19 |    33 |       |       ||    52
       Mephitic Cloud    |       |       |    10 |    20 |     5 |     1 ||    36
       Freezing Cloud    |       |       |       |     1 |    14 |    13 ||    28
       Irradiate         |       |       |       |       |       |    17 ||    17
       Iskenderun's Myst |       |       |       |       |       |     1 ||     1
Invok: Bend Space        |       |       |     2 |     7 |     8 |       ||    17
       Banish            |       |       |     3 |    10 |     4 |       ||    17
       Brand Weapon With |       |       |       |       |       |     1 ||     1
Evoke: Wand              |       |       |    20 |    12 |     6 |       ||    38
  Use: Scroll            |     4 |     2 |     8 |    10 |    12 |     4 ||    40
       Potion            |       |       |     5 |     4 |     1 |     5 ||    15
 Stab: Sleeping          |       |       |     3 |     1 |    13 |     8 ||    25
       Confused          |       |       |     2 |     7 |     1 |       ||    10
       Distracted        |       |       |       |     2 |    10 |     2 ||    14
Armor: Robe              |    24 |    75 |    48 |    27 |       |       ||   174
       Steam dragon scal |       |       |       |    20 |       |       ||    20
       Troll leather arm |       |       |       |    23 |   235 |   148 ||   406
Dodge: Dodged            |    56 |   178 |   150 |   267 |   320 |   286 ||  1257
Block: Other             |       |       |    77 |   113 |   151 |    96 ||   437
       Reflection        |       |       |     1 |    10 |     1 |     1 ||    13

Levels and vault maps discovered:
D:1:      scummos_arrival_forest, layout_basic,
          dreamdust_ecumenical_altar_angels_and_demons
D:2:      layout_basic, minmay_tromino_i4
D:3:      layout_basic, mainiacjoe_overflow_24_doors, tso_altar, zin_purify,
          chequers_serial_rivers_micro_c
D:4:      layout_rooms, lemuel_coloured_pillars_altar, kennysheep_mini_moat,
          minmay_temple_entry_junction, uniq_grinder
D:5:      layout_loops_corners, mainiacjoe_overflow_boulevard,
          mainiacjoe_overflow_alcove_2, ebering_ghost_disaster_area
D:6:      layout_cave_pools, cheibriados_altar_1,
          minmay_overflow_temple_star_quad, uniq_edmund
D:7:      layout_loops_ring, serial_shops,
          nicolae_shop_competitors_out_of_business, nicolae_ossuary_entry_plus
D:8:      layout_basic
D:9:      kennysheep_ambush_hall, layout_grid_maze, erik_lair_orcish_takeover,
          david_orc_4, serial_bayou, serial_bayou_pond_a, serial_bayou_pond_e,
          serial_bayou_pond_d, serial_bayou_lake_a, nicolae_stop_n_shop_1
D:10:     gammafunk_mikee_crab_dinner, layout_basic, nzn_wu_jian_contemplation,
          uniq_lodul, uniq_maurice
D:11:     layout_small_grid, serial_shops, bzr_firewalk, nicolae_shop_gadgets
D:12:     layout_rooms
D:13:     layout_roguey, david_vaults_2, gauntlet_entry_generic, enter_trove_1
D:14:     layout_rooms, minmay_misc_feat_encased
D:15:     grunt_enter_depths_hoard, layout_gridville, minmay_stone_trees_medium,
          hangedman_abyss_or_decor_stabs
Lair:1:   layout_gridlike, grunt_megastairs_3, infiniplex_staircase_pool
Lair:2:   layout_roguey, evilmike_ambush [evilmike_ambush_outer_corners,
          evilmike_ambush_inner_basic]
Lair:3:   lemuel_slime, layout_hall_layers, minmay_shoals_entry_beasts,
          grunt_forest_large_clearing_hut, uniq_urug
Lair:4:   layout_hall_layers, spider_nest_entry_webs, serial_forest,
          infiniplex_forest_clump_long, infiniplex_forest_lined_3_way,
          infiniplex_forest_end_1, infiniplex_forest_corner_1,
          infiniplex_forest_pool, infiniplex_forest_end_1, minivault_23,
          chequers_serial_rivers_small_a, minivault_26
Lair:5:   layout_regular_city, dpeg_slime_entry_corner, nicolae_lair_lil_pond,
          serial_bayou_shore_a
Lair:6:   gammafunk_lair_ancient_temple, layout_regular_city,
          grunt_megastairs_4, lemuel_fruit_tree
Shoals:1: layout_shoals, nicolae_shoals_hidden_pirate_stash, uniq_donald
Shoals:2: nicolae_shoals_island_circles, layout_shoals, serial_shops, shop
Shoals:3: layout_shoals, serial_shops, nicolae_diamond_shop
Spider:1: layout_spider_delve, nicolae_spider_webbed_stairs, uniq_asterion
Spider:2: layout_cave_pods, nicolae_spider_undead_wolf_pack, uniq_aizul
Spider:3: layout_spider_delve, hellmonk_motheaten_closet
Spider:4: spider_rune_water
Orc:1:    layout_diamond_mine, serial_shops, nicolae_lakefront_shop, uniq_sonja
Orc:2:    st_orc_town, layout_caves

Notes
Turn   | Place    | Note
-------+----------+-------------------------------------------
     0 | Abyss:1  | spiderkeys the Ogre Abyssal Knight began the quest for the
                  | Orb.
     0 | Abyss:1  | Reached XP level 1. HP: 24/24 MP: 2/2
     0 | Abyss:1  | magus.rc [v1.11.3]
    23 | D:1      | You pass through the gate.
    23 | D:1      | Escaped the Abyss
    86 | D:1      | Reached XP level 2. HP: 27/32 MP: 3/3
   332 | D:1      | Found a faded altar of an unknown god.
   472 | D:1      | Reached XP level 3. HP: 40/40 MP: 4/4
   629 | D:1      | Reached *** piety under Lugonu
  1301 | D:2      | Reached XP level 4. HP: 45/49 MP: 6/6
  2051 | D:3      | Found a glowing golden altar of the Shining One.
  2290 | D:3      | You pick up a book of Touch and begin reading...
  2290 | D:3      | You add the spells Static Discharge, Sticky Flame and
                  | Dispel Undead to your library.
  2302 | D:3      | Reached skill level 3 in Invocations
  2318 | D:3      | Found an iron altar of Okawaru.
  2348 | D:3      | Found Zin's Purification Station.
  2361 | D:3      | Found a glowing silver altar of Zin.
  2407 | D:3      | Reached skill level 3 in Polearms
  2407 | D:3      | Reached skill level 3 in Dodging
  2426 | D:3      | Reached skill level 5 in Fighting
  2426 | D:3      | Reached XP level 5. HP: 48/57 MP: 7/7
  2853 | D:4      | Found a staircase to the Ecumenical Temple.
  2861 | D:4      | Noticed a black bear
  2862 | D:4      | Reached XP level 6. HP: 66/66 MP: 8/8
  2870 | D:4      | Killed a black bear
  2920 | D:4      | Reached skill level 4 in Invocations
  2961 | D:4      | Identified the ring of Jegixag {rPois Will++ Int+6}
  3134 | D:4      | Reached **** piety under Lugonu
  3252 | D:4      | Reached skill level 6 in Fighting
  3345 | D:4      | Found a blossoming altar of Fedhas.
  3401 | D:4      | Noticed Grinder
  3425 | D:4      | Reached XP level 7. HP: 59/75 MP: 10/10
  3462 | D:4      | Learned a level 2 spell: Static Discharge
  3487 | D:4      | Killed Grinder
  3488 | D:4      | Reached skill level 1 in Staves
  3488 | D:4      | Reached skill level 4 in Dodging
  3488 | D:4      | Reached skill level 1 in Spellcasting
  3497 | D:4      | Found a hide-covered altar of Uskayaw.
  3544 | D:5      | Entered Level 5 of the Dungeon
  3776 | D:5      | You fall into a shaft and drop 3 floors!
  3863 | D:8      | Identified the amulet "Tuozof" {Reflect rElec Will+ SH+5
                  | Stlth+}
  3975 | D:8      | Reached skill level 2 in Staves
  3975 | D:8      | Reached skill level 2 in Spellcasting
  3975 | D:8      | Reached XP level 8. HP: 26/84 MP: 9/11
  4221 | D:8      | You add the spells Ignite Poison, Mephitic Cloud and
                  | Freezing Cloud to your library.
  4226 | D:8      | Learned a level 3 spell: Mephitic Cloud
  4293 | D:8      | Reached skill level 5 in Invocations
  4721 | D:7      | Reached skill level 7 in Fighting
  4721 | D:7      | Reached skill level 1 in Conjurations
  4741 | D:7      | HP: 21/87 [orc/+4 short sword of holy wrath (4)]
  4749 | D:7      | HP: 16/87 [something (4)]
  4751 | D:7      | HP: 7/87 [orc/+4 short sword of holy wrath (4)]
  4787 | D:7      | Found Tugha's Antique Weapon Shoppe.
  4797 | D:7      | HP: 21/87 [centaur (1)]
  4814 | D:7      | Reached skill level 3 in Staves
  4814 | D:7      | Reached skill level 3 in Spellcasting
  4841 | D:7      | HP: 20/87 [orc/boomerang (2)]
  4928 | D:7      | Found a sand-covered staircase.
  5030 | Ossuary  | Entered an ossuary
  5964 | D:6      | Found a snail-covered altar of Cheibriados.
  6076 | D:5      | You pick up a book of Rime and begin reading...
  6076 | D:5      | You add the spells Frozen Ramparts, Ice Form and Summon Ice
                  | Beast to your library.
  6121 | D:5      | Reached skill level 2 in Conjurations
  6353 | D:5      | Found a broken altar of Ashenzari.
  6367 | D:5      | Reached skill level 5 in Dodging
  6637 | D:5      | Reached XP level 9. HP: 63/96 MP: 7/14
  6653 | D:5      | Reached skill level 8 in Fighting
  6653 | D:5      | Reached skill level 4 in Spellcasting
  7009 | D:5      | Found a sparkling altar of Nemelex Xobeh.
  7057 | D:5      | Found a large runed translucent door.
  7057 | D:5      | Found a large runed translucent door.
  7059 | D:5      | Noticed avis's ghost (novice DDTm)
  7362 | D:6      | Noticed Edmund
  7398 | D:5      | Killed Edmund
  7399 | D:5      | Reached skill level 4 in Staves
  7640 | D:5      | Reached skill level 3 in Conjurations
  8771 | D:6      | Found a burning altar of Makhleb.
  8777 | D:6      | Found a sacrificial altar of Ru.
  8780 | D:6      | Found a white marble altar of Elyvilon.
  9117 | D:7      | Reached skill level 5 in Spellcasting
  9848 | D:8      | Reached skill level 9 in Fighting
  9854 | D:8      | Reached skill level 6 in Dodging
 10505 | D:9      | Found Xapiynub's Distillery.
 10508 | D:9      | Bought a potion of heal wounds for 55 gold pieces
 10547 | D:8      | Reached skill level 5 in Staves
 10620 | D:8      | Noticed a two-headed ogre
 10621 | D:8      | Banished a two-headed ogre
 10622 | D:8      | Reached skill level 4 in Conjurations
 10622 | D:8      | Reached XP level 10. HP: 79/107 MP: 12/17
 10730 | D:9      | Noticed a kobold demonologist
 10853 | D:9      | Banished a kobold demonologist
 10981 | D:8      | Reached skill level 1 in Air Magic
 11398 | D:8      | HP: 25/110 [warg (14)]
 11400 | D:8      | HP: 12/110 [warg (7)]
 11768 | D:9      | Noticed a two-headed ogre
 11897 | D:9      | Paralysed by a hornet for 2 turns
 11906 | D:9      | Reached skill level 10 in Fighting
 11906 | D:9      | Reached skill level 6 in Staves
 11908 | D:9      | Reached skill level 5 in Conjurations
 11922 | D:8      | HP: 26/110 [killer bee (3)]
 11928 | D:8      | HP: 21/110 [killer bee (6)]
 11933 | D:8      | Reached skill level 2 in Air Magic
 12661 | D:8      | Reached skill level 7 in Dodging
 12770 | D:9      | Banished a two-headed ogre
 12954 | D:8      | HP: 20/106 [warg (12)]
 13277 | D:9      | Reached skill level 3 in Air Magic
 13444 | D:9      | Reached XP level 11. HP: 61/119 MP: 14/18
 14091 | D:9      | HP: 28/119 [electric eel/bolt of electricity (3)]
 14096 | D:9      | HP: 29/119 [bullfrog (5)]
 14774 | D:9      | HP: 28/119 [steam dragon/ball of steam (3)]
 14778 | D:9      | HP: 11/119 [steam dragon (8)]
 15230 | D:9      | Identified the ring "Tagail" {rF+ rN+ rCorr Int-3}
 15523 | D:9      | Found a staircase to the Lair.
 15620 | D:8      | Reached skill level 11 in Fighting
 16220 | D:9      | Reached skill level 7 in Staves
 16499 | D:9      | Found a staircase to the Orcish Mines.
 16588 | D:9      | Reached skill level 6 in Conjurations
 16700 | D:10     | Entered Level 10 of the Dungeon
 16719 | D:10     | Noticed a two-headed ogre
 16721 | D:10     | Banished a two-headed ogre
 16931 | D:10     | Found an ornate altar of the Wu Jian Council.
 16968 | D:10     | Found a runed translucent door.
 17408 | D:10     | Learned a level 5 spell: Freezing Cloud
 17497 | D:10     | Reached skill level 4 in Air Magic
 17616 | D:10     | Noticed Maurice
 17632 | D:10     | Noticed Lodul
 17633 | D:10     | Killed Maurice
 17905 | D:10     | Noticed Lodul
 17905 | D:10     | Lodul changed into Lodul the basilisk
 17922 | D:10     | Killed Lodul the basilisk
 18462 | D:10     | Reached skill level 8 in Dodging
 18597 | D:10     | Noticed a fire crab
 18689 | D:11     | Identified a scroll of acquirement
 18689 | D:11     | Acquired a +0 spectral lajatang
 18692 | D:11     | Found Duaffag's Gadget Gallery.
 18737 | D:11     | Noticed a six-headed hydra
 18742 | D:11     | Banished a six-headed hydra
 18795 | D:11     | Found a flickering gateway to a bazaar.
 18807 | Bazaar   | Entered a bazaar
 18807 | Bazaar   | Found Xaroligo's Antique Armour Emporium.
 18807 | Bazaar   | Found Jyul's Distillery.
 18807 | Bazaar   | Found Vumuuprau's Armour Shoppe.
 18807 | Bazaar   | Found Diam Pun's Armour Emporium.
 18973 | Bazaar   | Bought the +2 cloak of the Thief {*Fog Slay-2 SInv Stlth+}
                  | for 180 gold pieces
 18973 | Bazaar   | Found the +2 cloak of the Thief {*Fog Slay-2 SInv Stlth+}
 18973 | Bazaar   | Bought the +0 mask of the Dragon {Will+ Slay+3 SInv} for
                  | 300 gold pieces
 18973 | Bazaar   | Found the +0 mask of the Dragon {Will+ Slay+3 SInv}
 19000 | Bazaar   | Bought 2 potions of heal wounds for 130 gold pieces
 19000 | Bazaar   | Bought 2 potions of heal wounds for 130 gold pieces
 19000 | Bazaar   | Bought 2 potions of mutation for 208 gold pieces
 19205 | D:11     | Noticed a cyclops
 19213 | D:11     | Killed a cyclops
 19604 | D:12     | Reached skill level 5 in Air Magic
 19607 | D:12     | Reached skill level 12 in Fighting
 19617 | D:12     | Noticed a two-headed ogre
 19630 | D:12     | Killed a two-headed ogre
 19631 | D:12     | Reached skill level 8 in Staves
 19631 | D:12     | Reached skill level 7 in Conjurations
 19631 | D:12     | Reached XP level 12. HP: 77/132 MP: 19/19
 19718 | D:12     | Noticed a two-headed ogre
 19725 | D:12     | Killed a two-headed ogre
 20000 | D:12     | Noticed a boulder beetle
 20001 | D:12     | Banished a boulder beetle
 20203 | D:13     | Found a portal to a secret trove of treasure.
 20210 | D:13     | Identified the +8 trident "Egg" {chaos, rElec rPois rCorr
                  | Stlth+}
 20214 | D:13     | This trove needs +2 shadow dragon scales to function. Give
                  | it the item?
 20221 | D:13     | Found a gate to the Vaults.
 20244 | D:13     | Noticed a centaur warrior
 20245 | D:13     | Noticed a centaur warrior
 20269 | D:12     | Reached skill level 6 in Spellcasting
 20295 | D:13     | Noticed a tengu warrior
 20299 | D:13     | Noticed a tengu warrior
 20307 | D:13     | Killed a tengu warrior
 20314 | D:13     | Killed a tengu warrior
 20315 | D:13     | Reached skill level 9 in Dodging
 20368 | D:13     | Noticed a two-headed ogre
 20382 | D:13     | Killed a two-headed ogre
 20441 | D:13     | Noticed a seven-headed hydra
 20445 | D:13     | Killed a seven-headed hydra
 20446 | D:13     | Reached skill level 13 in Fighting
 20474 | D:13     | Reached skill level 9 in Staves
 20477 | D:13     | Killed a centaur warrior
 20479 | D:13     | Reached skill level 8 in Conjurations
 20500 | D:13     | Reached skill level 7 in Spellcasting
 20532 | D:13     | Noticed a seven-headed hydra
 20534 | D:13     | Noticed a rakshasa
 20558 | D:13     | Found a gate leading to a gauntlet.
 20567 | Gauntlet | Entered a Gauntlet
 20567 | Gauntlet | Noticed a catoblepas
 20567 | Gauntlet | Found a transporter.
 20567 | Gauntlet | Found a transporter.
 20567 | Gauntlet | Found a transporter.
 20577 | Gauntlet | Found a transporter.
 20580 | Gauntlet | Found a transporter.
 20588 | Gauntlet | Found a transporter.
 20591 | Gauntlet | Found a transporter.
 20604 | Gauntlet | Found a transporter.
 20609 | Gauntlet | Noticed a blizzard demon
 20613 | Gauntlet | Noticed a quicksilver ooze
 20617 | Gauntlet | Found a transporter.
 20634 | Gauntlet | Found a transporter.
 20637 | Gauntlet | Found a transporter.
 20647 | Gauntlet | Found a transporter.
 20757 | Gauntlet | Reached XP level 13. HP: 88/144 MP: 23/23
 20850 | Gauntlet | Identified the ring of Crawling {Drain Will+ EV+4 Dex+5}
 20850 | Gauntlet | Noticed a minotaur
 20856 | Gauntlet | Killed a minotaur
 20986 | D:13     | Killed a rakshasa
 21271 | Lair:1   | Entered Level 1 of the Lair of Beasts
 21407 | Lair:1   | Reached skill level 10 in Staves
 21606 | Lair:1   | HP: 36/145 [15-headed hydra (7)]
 21630 | Lair:1   | Reached skill level 8 in Spellcasting
 21781 | Lair:1   | Reached skill level 14 in Fighting
 22044 | Lair:1   | Reached skill level 10 in Dodging
 22545 | Lair:2   | Reached skill level 9 in Conjurations
 22634 | Lair:2   | Reached skill level 11 in Staves
 22989 | Lair:2   | Reached ***** piety under Lugonu
 23130 | Lair:3   | Found a staircase to the Shoals.
 23459 | Lair:3   | Noticed Urug
 23469 | Lair:3   | Killed Urug
 23518 | Lair:3   | Acquired 883 gold pieces
 23565 | Lair:3   | Reached skill level 9 in Spellcasting
 23565 | Lair:3   | Reached XP level 14. HP: 118/157 MP: 25/27
 24142 | Lair:4   | Found a hole to the Spider Nest.
 24235 | Lair:4   | You pick up a book of Unlife and begin reading...
 24235 | Lair:4   | You add the spells Animate Dead, Borgnjor's Vile Clutch and
                  | Death Channel to your library.
 24526 | Lair:4   | Reached skill level 12 in Staves
 24574 | Lair:4   | Reached skill level 15 in Fighting
 25090 | Lair:5   | Found a staircase to the Slime Pits.
 25948 | Lair:6   | Entered Level 6 of the Lair of Beasts
 25960 | Lair:6   | Reached skill level 11 in Dodging
 25960 | Lair:6   | Reached skill level 10 in Conjurations
 25962 | Lair:6   | Reached skill level 10 in Spellcasting
 26111 | Lair:6   | Reached skill level 13 in Staves
 26598 | Lair:6   | Reached skill level 16 in Fighting
 26601 | Lair:6   | Reached XP level 15. HP: 141/170 MP: 29/29
 26619 | Lair:6   | Reached ****** piety under Lugonu
 27160 | Lair:6   | Identified the ring "Weatoan" {rPois Str+3}
 27226 | Lair:6   | Reached skill level 6 in Invocations
 27665 | Orc:1    | Entered Level 1 of the Orcish Mines
 27671 | Orc:1    | Noticed Sonja
 27750 | Orc:1    | Killed Sonja
 28014 | Orc:1    | Found Epoemaux's General Store.
 28135 | Orc:2    | Entered Level 2 of the Orcish Mines
 28847 | Orc:2    | Reached skill level 12 in Dodging
 28877 | Orc:2    | Found a staircase to the Elven Halls.
 28992 | Orc:2    | Found Goomozau's Jewellery Shoppe.
 28992 | Orc:2    | Found Uhoepi's Distillery.
 29051 | Orc:2    | Found Saepn's Assorted Antiques.
 29051 | Orc:2    | Found Enofuc's General Store.
 29076 | Orc:2    | Bought a book of Alchemy for 476 gold pieces
 29076 | Orc:2    | You pick up a book of Alchemy and begin reading...
 29076 | Orc:2    | You add the spells Sublimation of Blood, Petrify and
                  | Irradiate to your library.
 29082 | Orc:2    | Learned a level 5 spell: Irradiate
 29589 | D:10     | Reached skill level 7 in Invocations
 29595 | D:10     | Reached skill level 1 in Transmutations
 30142 | D:10     | Reached skill level 2 in Transmutations
 30215 | D:10     | HP: 41/164 [ghost crab] (8)]
 30359 | D:10     | You pick up a book of Spectacle and begin reading...
 30359 | D:10     | You add the spells Dazzling Flash, Iskenderun's Mystic
                  | Blast and Starburst to your library.
 30380 | D:10     | Learned a level 4 spell: Iskenderun's Mystic Blast
 30588 | D:13     | Reached skill level 17 in Fighting
 30590 | D:13     | Reached skill level 11 in Conjurations
 30590 | D:13     | Reached skill level 3 in Transmutations
 31124 | D:14     | Reached XP level 16. HP: 158/183 MP: 30/30
 31130 | D:14     | Reached skill level 4 in Transmutations
 31741 | D:15     | Entered Level 15 of the Dungeon
 32022 | D:15     | Reached skill level 8 in Invocations
 32311 | D:15     | Reached skill level 5 in Transmutations
 32530 | D:15     | Found a staircase to the Depths.
 33103 | Spider:1 | Entered Level 1 of the Spider Nest
 33272 | Spider:1 | Noticed Asterion
 33645 | Spider:1 | Noticed an Executioner
 33648 | Spider:1 | Killed Asterion
 33746 | Spider:1 | Reached skill level 6 in Transmutations
 33757 | Spider:1 | HP: 44/185 [redback (3)]
 33762 | Spider:1 | HP: 41/185 [poisoned by a redback]
 33899 | Spider:1 | You pick up a book of Sloth and begin reading...
 33899 | Spider:1 | You add the spells Metabolic Englaciation and Statue Form
                  | to your library.
 34222 | Spider:2 | Noticed Aizul
 34230 | Spider:2 | Killed Aizul
 34420 | Spider:2 | Reached skill level 9 in Invocations
 34420 | Spider:2 | HP: 45/185 [wolf spider zombie (4)]
 34427 | Spider:2 | HP: 40/185 [wolf spider zombie (1)]
 34429 | Spider:2 | HP: 15/185 [wolf spider simulacrum (30)]
 34429 | Spider:2 | HP: 5/185 [wolf spider (10)]
 34435 | Spider:2 | HP: 28/185 [wolf spider zombie (7)]
 34929 | Spider:2 | Reached skill level 7 in Transmutations
 35200 | Spider:2 | Identified a +3 demon trident of distortion (a +1 demon
                  | trident corrupted by Lugonu)
 35200 | Spider:2 | Received a gift from Lugonu
 35206 | Spider:2 | Reached skill level 18 in Fighting
 35219 | Spider:2 | Reached skill level 13 in Dodging
 35495 | Spider:2 | You pick up a book of Alchemy and begin reading...
 35556 | Spider:3 | Reached XP level 17. HP: 184/193 MP: 31/31
 35735 | Spider:3 | Reached skill level 12 in Conjurations
 35879 | Spider:3 | Identified the +0 robe of the Present {Rampage *Corrode
                  | rF++ Regen+}
 35963 | Spider:3 | Reached skill level 8 in Transmutations
 36643 | Spider:3 | Identified the +1 hat of Pandemonium {Str+2}
 36789 | Spider:4 | Entered Level 4 of the Spider Nest
 36889 | Shoals:1 | Entered Level 1 of the Shoals
 36929 | Shoals:1 | Noticed Donald
 36934 | Shoals:1 | Killed Donald
 37090 | Shoals:1 | Reached skill level 9 in Transmutations
 37363 | Shoals:1 | You pick up a book of the Wilderness and begin reading...
 37363 | Shoals:1 | You add the spells Summon Forest, Summon Mana Viper and
                  | Summon Cactus Giant to your library.
 37750 | Shoals:2 | Found Sezudi's Weapon Boutique.
 38511 | Shoals:3 | HP: 45/196 [harpy (7)]
 38511 | Shoals:3 | HP: 13/196 [cyclops/large rock (32)]
 38513 | Shoals:3 | HP: 6/196 [harpy (9)]
 38513 | Shoals:3 | Slain by a sea snake

Vanquished Creatures
  Asterion (Spider:1)
  Donald (Shoals:1)
  An emperor scorpion (Spider:2)
  A ghost moth (Spider:1)
  Aizul (Spider:2)
  6 entropy weavers
  A minotaur (Gauntlet)
  A spark wasp (Spider:3)
  An entropy weaver (shapeshifter) (D:13)
  2 merfolk impalers
  9 hydras
  A rakshasa (D:13)
  3 ghost crabs (D:10)
  A catoblepas (Lair:3)
  2 merfolk aquamancers
  3 merfolk avatars
  5 centaur warriors
  2 boulder beetles
  2 ice dragons (D:15)
  3 two-headed ogres
  A radroach (Spider:3)
  An alligator snapping turtle (Shoals:2)
  A satyr (shapeshifter) (D:13)
  3 tengu warriors
  Urug (Lair:3)
  6 orc high priests (Orc:2)
  Sonja (Orc:1)
  A sun moth (Spider:3)
  5 fire crabs (D:10)
  8 pharaoh ants
  6 skeletal warriors
  9 sea snakes
  An orb spider (shapeshifter) (D:13)
  3 orb spiders
  6 steelbarb worms
  A wizard (D:15)
  An orc knight (Orc:2)
  A spectral wolf spider (Spider:2)
  17 wolf spiders
  4 wolf spider zombies (Spider:2)
  6 ugly things
  4 deep elf pyromancers
  6 cyclopes
  7 manticores
  3 moths of wrath
  An orc sorcerer (Orc:2)
  27 elephants
  Maurice (D:10)
  8 merfolk sirens
  An apocalypse crab (D:10)
  7 black mambas
  A gargoyle (D:12)
  2 water nymphs (Shoals:2)
  14 cane toads
  5 torpor snails
  An efreet (D:13)
  4 rime drakes
  2 demonic crawlers
  A freezing wraith (D:15)
  4 yaktaurs (D:15)
  A minotaur zombie (Gauntlet)
  5 komodo dragons
  A tengu conjurer (D:14)
  7 merfolk
  2 polar bears (Lair:6)
  8 trolls
  Grinder (D:4)
  4 wind drakes
  3 wolf spider simulacra (Spider:2)
  12 tarantellas
  2 hornets
  7 snapping turtles
  7 slime creatures
  22 blink frogs
  4 dream sheep (Shoals:3)
  A centaur simulacrum (D:14)
  A spriggan (Lair:3)
  7 culicivoras
  11 jumping spiders
  2 shadows (D:10)
  10 water elementals
  8 wyverns
  A basilisk (shapeshifter) (D:15)
  46 yaks
  5 basilisks
  A hog (shapeshifter) (D:12)
  2 steam dragons
  30 redbacks
  9 vampire mosquitoes
  Edmund (D:5)
  8 wargs
  A redback simulacrum (D:15)
  2 acid dragons
  13 water moccasins
  3 swamp worms (Gauntlet)
  2 ice beasts
  16 orc warriors
  5 black bears
  13 ogres
  12 centaurs
  13 wolves
  2 phantoms
  8 bullfrogs
  2 scorpions (D:5)
  3 gnoll sergeants
  5 wights
  A killer bee (D:8)
  10 electric eels
  7 howler monkeys
  48 orc priests
  2 iguanas (D:4)
  7 jellies
  9 orc wizards
  8 mummies (Ossuary)
  17 gnolls
  9 adders
  3 white imps
  An ufetubus (D:4)
  A worm (D:3)
  A dart slug (D:4)
  76 orcs
  6 ball pythons
  18 endoplasms
  3 giant cockroaches
  A gnoll zombie (Ossuary)
  7 goblins
  8 hobgoblins
  6 jackals
  9 kobolds
  8 quokkas
  10 bats
  4 frilled lizards (D:1)
  3 hobgoblin zombies (Ossuary)
  4 kobold zombies (Ossuary)
  3 rats
  A bush (Lair:4)
  A plant (Shoals:3)
850 creatures vanquished.

Vanquished Creatures (collateral kills)
  2 skeletal warriors (D:12)
2 creatures vanquished.

Vanquished Creatures (others)
  3 bushes (Lair:4)
  27 fungi
  146 plants
176 creatures vanquished.

Grand Total: 1028 creatures vanquished

Table legend:
 A = Non-vault XP
 B = Vault XP
 C = Vault XP percentage of total XP
 D = Non-vault monster count
 E = Vault monster count
 F = Vault count percentage of total count
                 A         B        C        D         E       F
            +---------+---------+-------+---------+---------+-------
      Total |  165766 |   59928 |  26.6 |     630 |     233 |  27.0
            +---------+---------+-------+---------+---------+-------
        D:1 |      50 |       0 |   0.0 |      29 |       0 |   0.0
        D:2 |      59 |       4 |   6.3 |      14 |       2 |  12.5
        D:3 |     153 |       0 |   0.0 |      25 |       0 |   0.0
        D:4 |     371 |     295 |  44.3 |      22 |       1 |   4.3
        D:5 |     759 |     166 |  17.9 |      11 |       1 |   8.3
        D:6 |     549 |       0 |   0.0 |      11 |       0 |   0.0
        D:7 |     906 |       0 |   0.0 |      19 |       0 |   0.0
        D:8 |    2022 |    1372 |  40.4 |      25 |      11 |  30.6
        D:9 |    3307 |     991 |  23.1 |      21 |      22 |  51.2
       D:10 |    2082 |   12010 |  85.2 |      11 |      22 |  66.7
       D:11 |    3004 |       0 |   0.0 |       8 |       0 |   0.0
       D:12 |    6498 |       0 |   0.0 |      14 |       0 |   0.0
       D:13 |   13787 |    2426 |  15.0 |      25 |       3 |  10.7
       D:14 |    8404 |       0 |   0.0 |      12 |       0 |   0.0
       D:15 |    9369 |    1705 |  15.4 |      21 |       2 |   8.7
     Lair:1 |    9160 |       0 |   0.0 |      36 |       0 |   0.0
     Lair:2 |    6605 |       0 |   0.0 |      30 |       0 |   0.0
     Lair:3 |     720 |    3621 |  83.4 |       3 |      26 |  89.7
     Lair:4 |    9104 |     555 |   5.7 |      26 |       3 |  10.3
     Lair:5 |    8842 |     276 |   3.0 |      34 |       1 |   2.9
     Lair:6 |   10952 |   11789 |  51.8 |      29 |      30 |  50.8
   Shoals:1 |   11902 |    1364 |  10.3 |      25 |       1 |   3.8
   Shoals:2 |   12279 |       0 |   0.0 |      26 |       0 |   0.0
   Shoals:3 |    3018 |       0 |   0.0 |       9 |       0 |   0.0
   Spider:1 |   10375 |    1651 |  13.7 |      31 |       1 |   3.1
   Spider:2 |   11859 |   10055 |  45.9 |      26 |      18 |  40.9
   Spider:3 |   15510 |    1312 |   7.8 |      34 |       2 |   5.6
      Orc:1 |    1502 |     782 |  34.2 |      26 |       1 |   3.7
      Orc:2 |    2618 |    6706 |  71.9 |      27 |      60 |  69.0
    Ossuary |       0 |     153 | 100.0 |       0 |      16 | 100.0
   Gauntlet |       0 |    2695 | 100.0 |       0 |      10 | 100.0
            +---------+---------+-------+---------+---------+-------

Illustrated notes

Table legend:
 A = Kills in this place as a percentage of kills in entire the game.
 B = Kills by you in this place as a percentage of kills by you in the entire game.
 C = Kills by friends in this place as a percentage of kills by friends in the entire game.
 D = Other kills in this place as a percentage of other kills in the entire game.
 E = Experience gained in this place as a percentage of experience gained in the entire game.
 F = Experience gained in this place divided by the number of levels of this place that you have seen.
                   A       B       C       D       E      F
               +-------+-------+-------+-------+-------+----------------------
         Total | 100.0 | 100.0 | 100.0 | 100.0 | 100.0 | 6638.1
       Dungeon |  38.5 |  36.9 | 100.0 |  95.2 |  31.1 | 4685.9
          Lair |  25.3 |  25.8 |   0.0 |   4.8 |  27.3 | 10270.7
        Shoals |   7.1 |   7.3 |   0.0 |   0.0 |  12.7 | 9521.0
   Spider Nest |  13.0 |  13.3 |   0.0 |   0.0 |  22.5 | 12690.5
  Orcish Mines |  13.2 |  13.6 |   0.0 |   0.0 |   5.1 | 5804.0
       Ossuary |   1.9 |   1.9 |   0.0 |   0.0 |   0.1 | 153.0
      Gauntlet |   1.2 |   1.2 |   0.0 |   0.0 |   1.2 | 2695.0
               +-------+-------+-------+-------+-------+----------------------

Table legend: (Time is in decaauts)
 A = Elapsed time spent in this place.
 B = Non-inter-level travel time spent in this place.
 C = Inter-level travel time spent in this place.
 D = Time resting spent in this place.
 E = Time spent auto-exploring this place.
 F = Levels seen in this place.
 G = Mean time per level.
                   A        B        C        D        E       F      G
               +--------+--------+--------+--------+--------+-----+--------+
         Total |  38453 |  37048 |   1405 |   9410 |  20409 |  34 | 1131.0 |
       Dungeon |  23612 |  22759 |    853 |   6735 |  11616 |  15 | 1574.1 |
          Lair |   6900 |   6591 |    309 |   1098 |   4385 |   6 | 1150.0 |
        Shoals |   1710 |   1641 |     69 |    215 |   1077 |   3 |  570.0 |
   Spider Nest |   3231 |   3134 |     97 |    715 |   1834 |   4 |  807.8 |
  Orcish Mines |   1687 |   1612 |     75 |    234 |    935 |   2 |  843.5 |
         Abyss |     23 |     23 |      0 |      0 |     15 |   1 |   23.0 |
        Bazaar |    202 |    202 |      0 |      0 |    161 |   1 |  202.0 |
       Ossuary |    682 |    682 |      0 |    349 |    163 |   1 |  682.0 |
      Gauntlet |    403 |    403 |      0 |     63 |    222 |   1 |  403.0 |
               +--------+--------+--------+--------+--------+-----+--------+

Top non-repeatable levels by time:
     D:8: 4626 daAuts
     D:9: 3737 daAuts
    D:10: 2743 daAuts
     D:5: 2167 daAuts
  Lair:4: 1762 daAuts
     D:7: 1402 daAuts
  Lair:5: 1366 daAuts
Spider:2: 1276 daAuts
  Lair:6: 1222 daAuts
Spider:3: 1213 daAuts
    D:15: 1186 daAuts
    D:13: 1101 daAuts
  Lair:1: 1081 daAuts
     D:2: 1002 daAuts
     D:1: 945 daAuts
